 Dungeon Crawl Stone Soup version 0.29.1-2-gbd0b4ee654 (webtiles) character file.

Game seed: 11621300826072018314

28 xian the Insei (level 2, -1/21 HPs)
             Began as a Demonspawn Transmuter on Oct 24, 2022.
             Killed from afar by Terence (8 damage)
             ... with a puff of flame
             ... on level 2 of the Dungeon.
             The game lasted 00:04:05 (1446 turns).

xian the Insei (Demonspawn Transmuter)              Turns: 1446, Time: 00:04:05

Health: -1/21      AC:  3    Str: 10    XL:     2   Next: 96%
Magic:  2/5        EV: 12    Int: 14    God:
Gold:   132        SH:  0    Dex: 18    Spells: 2/5 levels left

rFire   . . .      SeeInvis .     - Unarmed
rCold   . . .      Faith    .   (no shield)
rNeg    . . .      Spirit   .   l - +1 robe "Ehomuen" {Dex+5}
rPois   .          Reflect  .   (helmet currently unavailable)
rElec   .          Harm     .   (no cloak)
rCorr   .          Rampage  .   (no gloves)
Will    .....                   (boots currently unavailable)
Stlth   ++........              a - amulet of regeneration
HPRegen 0.87/turn               (no ring)
MPRegen 0.09/turn               (no ring)

@: appendages (expiring), very slightly contaminated
A: horns 2, talons 2, powered by death 1
a: End Transformation


You were on level 2 of the Dungeon.
You had temporarily grown beastly horns and talons.
You visited 1 branch of the dungeon, and saw 2 of its levels.

You collected 132 gold pieces.

Inventory:

Armour
 l - the +1 robe "Ehomuen" (worn) {Dex+5}
   (You found it on level 2 of the Dungeon)

   Dex:       It affects your dexterity (+5).
Jewellery
 a - an amulet of regeneration (around neck)
Scrolls
 d - 2 scrolls of identify {unknown}
 f - a scroll of teleportation {unknown}
 g - a scroll of immolation {unknown}
 i - 2 scrolls of fear {unknown}
 j - a scroll of amnesia {unknown}
Potions
 b - a potion of lignification
 c - a potion of invisibility {unknown}
 e - a potion of magic {unknown}
 h - 3 potions of might {unknown}
 k - a potion of berserk rage {unknown}
 m - a potion of flight {unknown}
 n - a potion of curing {unknown}


   Skills:
 + Level 1.0 Fighting
 + Level 2.0 Dodging
 + Level 0.6 Stealth
 + Level 3.1 Unarmed Combat
 + Level 2.1 Spellcasting
 + Level 2.2 Transmutations


You had 2 spell levels left.
You knew the following spells:

 Your Spells              Type           Power      Damage    Failure   Level
a - Beastly Appendage     Tmut           14%        N/A       10%         1
b - Wereblood             Tmut           7%         N/A       14%         2

Your spell library contained the following spells:

 Spells                   Type           Power      Damage    Failure   Level
 Spider Form              Tmut/Pois      4%         N/A       41%         3
 Ice Form                 Ice/Tmut       4%         N/A       83%         4


Dungeon Overview and Level Annotations

Branches:
Dungeon (2/15)

Altars:

Shops:
D:2 =

Annotations:
D:2 Terence


Innate Abilities, Weirdness & Mutations

You have temporarily grown beastly horns and talons.
You regenerate a little health from kills.


Message History

The worm is moderately wounded.
The worm misses you.
You hit the worm. You claw the worm.
The worm is severely wounded.
Your transformation is almost over.
You hit the worm. You claw the worm.
You kill the worm!
Things that are here:
a worm corpse; a hobgoblin corpse You howl as the wereblood boils in your veins!
You now have 119 gold pieces (gained 8).
Your horns disappear.
Your talons disappear.
Your primal bloodlust is almost over.
You howl as the wereblood boils in your veins!
You howl as the wereblood boils in your veins!
Your primal bloodlust has ended.
n - a lumpy red potion You now have 132 gold pieces (gained 13).
Found a stone staircase leading up.
Terence the Incautious comes into view.
He is wielding a +0 flail and carrying a wand of flame (7).
Found a scroll labelled KUCYNA JILEPEPS.
Okay, then.
Terence zaps a wand.
The puff of flame hits you!
You grow a pair of large bovine horns.
Your feet morph into talons.
Casting: Beastly Appendage (safe; 10% risk of failure)
Confirm with . or Enter, or press ? or * to list all spells.
You miscast Beastly Appendage.
You are very lightly contaminated with residual magic.
Nothing appears to happen.
Terence zaps a wand.
The puff of flame hits you!
* * * LOW HITPOINT WARNING * * *
Unknown command.
Casting: Beastly Appendage (safe; 10% risk of failure)
Confirm with . or Enter, or press ? or * to list all spells.
You extend your transformation's duration.
Terence zaps a wand.
The puff of flame misses you.
You hit Terence. You headbutt Terence.
Terence is moderately wounded.
Your transformation is almost over.
Terence zaps a wand.
The puff of flame hits you!
You die...

.... #.##.#.#
.#.###.##.#.#
.....#.##.#.#
.#.#.#.##.#.#######
.....#.##.#........#
.#.........#######.#
.#####.####......#.#
.#.....#...........#
.#.....#.###.###@..#
.>####.# #.# #.@.#
........ #.# ...<#
..####.# #.#.#.#.#
..# ..# #.#.#?..#
..# #.# ##### ..#
..# #.# ... #.#


You could see Terence.

Vanquished Creatures
  A worm (D:2)
  A dart slug (D:2)
  4 bats
  An endoplasm (D:2)
  2 giant cockroaches (D:1)
  2 goblins
  2 hobgoblins (D:2)
  4 kobolds
  3 ball pythons
  2 frilled lizards
  A rat (D:1)
23 creatures vanquished.

Notes
Turn   | Place    | Note
-------+----------+-------------------------------------------
     0 | D:1      | xian the Demonspawn Transmuter began the quest for the Orb.
     0 | D:1      | Reached XP level 1. HP: 15/15 MP: 3/3
   601 | D:1      | Gained mutation: You regenerate a little health from kills.
                  | [demonic ancestry]
   601 | D:1      | Reached XP level 2. HP: 21/21 MP: 3/5
   604 | D:1      | Learned a level 2 spell: Wereblood
   667 | D:1      | Reached skill level 3 in Unarmed Combat
  1104 | D:2      | Found Atweevush's Jewellery Shoppe.
  1228 | D:2      | Identified the +1 robe "Ehomuen" {Dex+5}
  1441 | D:2      | Noticed Terence
  1446 | D:2      | Killed from afar by Terence

Illustrated notes

Levels and vault maps discovered:
D:1:      nzn_arrival_settlement, layout_basic
D:2:      layout_basic, serial_shops, nicolae_shop_hallway_stairs, shop,
          minmay_misc_feat_rugged, uniq_terence

Skill      XL: |  1  2 |
---------------+-------+-----
Transmutations | 2 |  2.2
Unarmed Combat | 3 |  3.1
Dodging        | 2 |  2.0
Fighting       | |  1.0
Stealth        | |  0.6
Spellcasting   | |  2.1

Action                   || total
-------------------------++-------
Melee: Unarmed           ||    56
       Kick              ||     9
       Headbutt          ||     4
 Cast: Beastly Appendage ||    14
       Wereblood         ||     2
Armor: Robe              ||    21
Dodge: Dodged            ||    63
